 Dungeon Crawl Stone Soup version 0.22-a0-292-g0df9d5f (webtiles) character file.

25541 MatthieuS the Martial Artist (level 13, -1/103 HPs)
             Began as a Human Monk on Mar 22, 2018.
             Was a High Priest of Okawaru.
             Engulfed by a cloud of flame (8 damage)
             ... in a volcano on Mar 23, 2018.
             The game lasted 00:46:14 (14791 turns).

MatthieuS the Martial Artist (Human Monk)          Turns: 14791, Time: 00:46:14

Health: -1/103     AC: 17    Str: 16    XL:     13   Next: 51%
Magic:  19/19      EV: 18    Int: 11    God:    Okawaru [*****.]
Gold:   623        SH:  8    Dex: 16    Spells: 12/12 levels left

rFire    + . .     SeeInvis +     - Unarmed
rCold    . . .     Gourm    .   N - +3 buckler {AC+3}
rNeg     . . .     Faith    .   n - +2 robe {rF+}
rPois    .         Spirit   .   y - +1 helmet {SInv}
rElec    .         Reflect  .   (no cloak)
rCorr    .         Harm     .   (no gloves)
MR       .....                  C - +2 pair of boots
Stlth    ++........             (no amulet)
HPRegen  0.27/turn              r - +4 ring of protection
MPRegen  0.16/turn              h - +3 ring of evasion

@: no status effects
A: no striking features
a: Heroism, Finesse, Renounce Religion


You were in a volcano.
You worshipped Okawaru.
Okawaru was extremely pleased with you.
You were not hungry.

You visited 3 branches of the dungeon, and saw 13 of its levels.
You also visited: Labyrinth and Volcano.

You collected 655 gold pieces.
You spent 32 gold pieces at shops.

Inventory:

Hand Weapons
 w - a +1 blowgun
   (You took it off a kobold on level 3 of the Dungeon)
 G - a +4 lajatang of electrocution
   (Okawaru gifted it to you on level 11 of the Dungeon)
Missiles
 j - 25 poisoned needles
 B - 8 curare-tipped needles {!f}
 F - 2 needles of sleeping
 I - 3 throwing nets (quivered) {!f}
Armour
 n - a +2 robe of fire resistance (worn)
   (You took it off a wizard in a volcano)
 y - a +1 helmet of see invisible (worn)
   (You found it in a labyrinth)
 C - a +2 pair of boots (worn)
   (You found it on level 3 of the Dungeon)
 L - the +3 chain mail of the Untouchables {rElec rC+ Str+3}
   (Okawaru gifted it to you on level 8 of the Dungeon)

   It affects your strength (+3).
   It protects you from cold.
   It insulates you from electricity.
 N - a +3 buckler of protection (worn)
   (You found it on level 8 of the Dungeon)
Jewellery
 h - a +3 ring of evasion (right hand)
   (You found it on level 4 of the Dungeon)
 r - a +4 ring of protection (left hand)
   (You found it on level 3 of the Dungeon)
 D - an uncursed ring of protection from cold
   (You found it on level 5 of the Dungeon)
 J - an uncursed ring of resist corrosion
   (You found it on level 8 of the Dungeon)
Wands
 d - a wand of iceblast (11)
   (You found it on level 8 of the Dungeon)
 f - a wand of polymorph (8)
   (You found it in a labyrinth)
 p - a wand of digging (1)
   (You took it off Ijyb on level 3 of the Dungeon)
 t - a wand of flame (91)
   (You found it on level 5 of the Dungeon)
 x - a wand of acid (14)
   (You found it on level 9 of the Dungeon)
Scrolls
 b - 7 scrolls of remove curse {@r2}
 c - 5 scrolls of teleportation {@r4}
 g - 5 scrolls of immolation {!r}
 i - 4 scrolls of magic mapping
 k - a scroll of fear
 m - a scroll of identify {@r1}
Potions
 a - 2 potions of lignification {!q}
 o - a potion of resistance {unknown}
 q - a potion of cancellation
 s - 2 potions of invisibility
 u - 2 potions of mutation {!q}
 v - a potion of curing {@q1}
 A - 2 potions of flight
 E - a potion of brilliance {unknown}
Comestibles
 e - 22 rations
 l - 11 chunks of flesh


   Skills:
 + Level 10.0 Fighting
 + Level 9.6 Armour
 + Level 5.0 Dodging
 - Level 2.0 Stealth
 - Level 4.1 Shields
 * Level 13.4 Unarmed Combat
 + Level 9.2 Invocations
 + Level 4.0 Evocations


You had 12 spell levels left.
You didn't know any spells.

Dungeon Overview and Level Annotations

Branches:
Dungeon (11/15)            Temple (1/1) D:4            Lair (1/6) D:11
    Orc (0/2) D:10

Altars:
Ashenzari
Cheibriados
Dithmenos
Elyvilon
Fedhas
Gozag
Hepliaklqana
Kikubaaqudgha
Makhleb
Nemelex Xobeh
Okawaru
Qazlal
Ru
Sif Muna
Trog
Uskayaw
Vehumet
Wu Jian
Xom
Yredelemnul
Zin
The Shining One

Shops:
D:7 ?   D:11 ?


Message History

You miss the wizard. The wizard casts a spell at you.
The crystal spear misses you.
Unknown command.
You closely miss the wizard. The wizard misses you.
You pummel the wizard!!
You kill the wizard!
Okawaru accepts your kill.
You feel like a meek peon again.
Things that are here:
a mace of flaming; a robe of fire resistance; a human corpse You butcher the human corpse.
l - 11 chunks of flesh (gained 3)
Things that are here:
a mace of flaming; a robe of fire resistance
Things that are here:
a mace of flaming; a robe of fire resistance There isn't anything to butcher here.
There is an open door, spattered with blood here.
Wear which item? (? for menu, Esc to quit)
The air gets thick with the scent of sulphur.
You start removing your armour.
You continue taking off your +2 robe of fire resistance. x3
In the distance, the volcano erupts with a roar.
You are engulfed in blazing flames.
You resist.
* * * LOW HITPOINT WARNING * * *
You continue taking off your +2 robe of fire resistance.
You are engulfed in blazing flames.
You resist.
* * * LOW HITPOINT WARNING * * *
You finish taking off your +2 robe of fire resistance.
You feel less resistant to fire.
You feel better.
You are engulfed in blazing flames.
* * * LOW HITPOINT WARNING * * *
There is a rocky tunnel leading out of this place here.
Okay, then.
Wear which item? (? for menu, Esc to quit)
You start putting on your armour.
You continue putting on your +2 robe of fire resistance. x4
You finish putting on your +2 robe of fire resistance.
You feel resistant to fire.
You start resting.
The air gets thick with the scent of sulphur.
In the distance, the volcano erupts with a roar.
You are engulfed in blazing flames.
You resist.
* * * LOW HITPOINT WARNING * * *
You feel better.
You are engulfed in blazing flames.
You resist.
* * * LOW HITPOINT WARNING * * *
There is a rocky tunnel leading out of this place here.
You are engulfed in blazing flames.
You resist.
You die...

###§§ ≈≈§§ ≈§≈
############### ###
+.....#.§.....≈ #..
###§@§§)§...§≈≈ #..
###...#).....≈♣ #..
##§##§################
##§§#..#....).#.).#.#..
#§.§§.###'#'#####'#.'.∩
§≈≈≈≈≈#...............#..
#≈≈≈§≈###################
§§§≈§§§≈≈≈§≈§≈≈≈≈≈≈≈≈≈§≈§
≈≈§≈§§≈≈≈§§§§§≈≈§≈≈≈§§≈≈§


There were no monsters in sight!

Vanquished Creatures
  A minotaur (Lab)
  The ghost of ultrashaft the Cleaver, a journeyman DsGl of Gozag (Lair:1)
  A death knight (D:11)
  3 hydras
  7 two-headed ogres
  5 wizards (Volcano)
  A manticore (D:11)
  2 ugly things (D:11)
  3 toenail golems (Volcano)
  Psyche (D:11)
  A spiny frog (Lair:1)
  A minotaur zombie (Lab)
  2 trolls (D:11)
  4 hippogriffs
  2 redbacks (Lab)
  13 yaks
  A basilisk (D:11)
  A wyvern (D:10)
  A wraith (D:11)
  Eustachio (D:6)
  A hungry ghost (D:9)
  3 wargs (D:10)
  3 water moccasins
  A porcupine (Lair:1)
  2 hell hounds (Lair:1)
  3 sky beasts
  5 orc warriors
  5 phantoms
  A black bear (D:9)
  5 ice beasts
  A necrophage (D:11)
  6 ogres
  5 wolves (Lair:1)
  5 centaurs
  2 crocodiles
  2 bullfrogs
  Blork the orc (D:4)
  2 big kobolds
  A gnoll sergeant (D:11)
  2 scorpions
  8 killer bees
  7 wights
  3 howler monkeys
  2 bullfrog zombies
  4 crimson imps
  3 hounds
  12 orc priests
  A bullfrog skeleton (D:5)
  A centaur skeleton (D:5)
  3 jellies
  13 orc wizards
  Ijyb (D:3)
  4 iguanas
  10 worker ants
  A hound zombie (D:5)
  3 hound skeletons
  A howler monkey zombie (D:9)
  2 worker ant zombies (D:11)
  12 gnolls
  13 adders
  A howler monkey skeleton (D:10)
  2 shadow imps
  An ooze (D:3)
  4 worms
  3 dart slugs
  6 leopard geckos
  39 orcs
  10 bats
  2 giant cockroaches
  3 goblins
  13 hobgoblins
  7 jackals
  23 kobolds
  4 quokkas
  2 ball pythons (D:3)
  5 frilled lizards
  A jackal skeleton (D:5)
  A leopard gecko skeleton (D:4)
  A quokka skeleton (D:4)
  A quokka zombie (D:6)
  5 rats
346 creatures vanquished.

Vanquished Creatures (others)
  A fungus (Lair:1)
1 creature vanquished.

Grand Total: 347 creatures vanquished

Notes
Turn   | Place    | Note
-------+----------+-------------------------------------------
     0 | D:1      | MatthieuS the Human Monk began the quest for the Orb.
     0 | D:1      | Reached XP level 1. HP: 18/18 MP: 1/1
   399 | D:1      | Reached XP level 2. HP: 24/24 MP: 2/2
   499 | D:1      | HP: 1/24 [hobgoblin/club (2)]
  1025 | D:1      | Reached skill level 1 in Armour
  1025 | D:1      | Reached XP level 3. HP: 27/29 MP: 3/3
  1577 | D:2      | Reached XP level 4. HP: 23/35 MP: 4/4
  1766 | D:2      | Reached skill level 4 in Unarmed Combat
  2301 | D:2      | Found a shimmering altar of Xom.
  2470 | D:3      | Reached XP level 5. HP: 40/42 MP: 5/5
  3455 | D:3      | Noticed Ijyb
  3492 | D:3      | Reached XP level 6. HP: 26/48 MP: 6/6
  3522 | D:3      | Killed Ijyb
  3522 | D:3      | Reached skill level 5 in Unarmed Combat
  3731 | D:3      | Found a bloodstained altar of Trog.
  4146 | D:4      | Noticed a phantom
  4161 | D:4      | Killed a phantom
  4161 | D:4      | Reached XP level 7. HP: 55/55 MP: 7/7
  4489 | D:4      | Reached skill level 6 in Unarmed Combat
  4624 | D:4      | Found a staircase to the Ecumenical Temple.
  4635 | Temple   | Entered the Ecumenical Temple
  4647 | Temple   | Became a worshipper of Warmaster Okawaru
  4647 | Temple   | Reached * piety under Okawaru
  4647 | Temple   | Reached ** piety under Okawaru
  4671 | D:4      | Noticed Blork the orc
  4689 | D:4      | Killed Blork the orc
  4689 | D:4      | Reached skill level 5 in Fighting
  4714 | D:4      | Found a basalt altar of Yredelemnul.
  4749 | D:4      | Reached XP level 8. HP: 58/62 MP: 8/8
  4920 | D:5      | Entered Level 5 of the Dungeon
  5305 | D:4      | Reached skill level 7 in Unarmed Combat
  5474 | D:4      | Reached skill level 1 in Invocations
  5759 | D:5      | Got a transparent whip
  5760 | D:5      | Identified the +5 whip "Muuqo" {pain, rF+} (You found it on level 5 of the Dungeon)
  5862 | D:5      | Found an opulent altar of Gozag.
  5896 | D:5      | Found a radiant altar of Vehumet.
  6061 | D:5      | Found an ancient bone altar of Kikubaaqudgha.
  6501 | D:6      | Found an ornate altar of the Wu Jian Council.
  6536 | D:6      | Reached XP level 9. HP: 61/69 MP: 10/10
  6639 | D:6      | Reached *** piety under Okawaru
  6639 | D:6      | Reached skill level 5 in Armour
  6664 | D:6      | Found a sacrificial altar of Ru.
  6900 | D:6      | Reached skill level 8 in Unarmed Combat
  7097 | D:6      | Noticed Eustachio
  7109 | D:6      | Killed Eustachio
  7639 | D:7      | Found Urghoaloih's Magic Scroll Boutique.
  7649 | D:7      | Bought a scroll of identify for 32 gold pieces
  7756 | D:7      | Found a burning altar of Makhleb.
  7759 | D:7      | Found a hazy altar of Hepliaklqana.
  7762 | D:7      | Found a snail-covered altar of Cheibriados.
  7954 | D:7      | Reached **** piety under Okawaru
  8013 | D:7      | Reached skill level 9 in Unarmed Combat
  8033 | D:7      | Noticed a hippogriff
  8045 | D:7      | Killed a hippogriff
  8114 | D:8      | Noticed a two-headed ogre
  8132 | D:8      | Killed a two-headed ogre
  8132 | D:8      | Reached XP level 10. HP: 50/79 MP: 10/13
  8139 | D:8      | Noticed a two-headed ogre
  8145 | D:8      | Reached skill level 5 in Invocations
  8146 | D:8      | Reached ***** piety under Okawaru
  8149 | D:8      | Noticed a two-headed ogre
  8599 | D:8      | Noticed a two-headed ogre
  8615 | D:8      | Killed a two-headed ogre
  8615 | D:8      | Reached skill level 10 in Unarmed Combat
  8623 | D:8      | Killed a two-headed ogre
  9612 | D:8      | Received a gift from Okawaru
  9615 | D:8      | Got a bronze chain mail {god gift}
  9626 | D:8      | Identified the +3 chain mail of the Untouchables {rElec rC+ Str+3} (Okawaru gifted it to you on level 8 of the Dungeon)
  9627 | D:8      | Upgraded the game from 0.22-a0-284-g99d1f74 to 0.22-a0-292-g0df9d5f
  9944 | D:9      | Noticed a two-headed ogre
  9970 | D:9      | Killed a two-headed ogre
  9970 | D:9      | Reached skill level 1 in Shields
  9970 | D:9      | Reached XP level 11. HP: 75/86 MP: 15/15
 10303 | D:8      | Killed a two-headed ogre
 10303 | D:8      | Reached skill level 11 in Unarmed Combat
 10602 | D:9      | Found a shadowy altar of Dithmenos.
 10993 | D:10     | Entered Level 10 of the Dungeon
 11097 | D:10     | Received a gift from Okawaru
 11262 | D:10     | Noticed a two-headed ogre
 11276 | D:10     | Killed a two-headed ogre
 11339 | D:10     | Found a staircase to the Orcish Mines.
 11702 | D:11     | Reached XP level 12. HP: 84/94 MP: 17/17
 11720 | D:11     | Found Bokeriud's Magic Scroll Shoppe.
 11724 | D:11     | Found a labyrinth entrance.
 11745 | Lab      | Entered a labyrinth
 12329 | Lab      | Noticed a minotaur
 12349 | Lab      | Killed a minotaur
 12349 | Lab      | Reached skill level 12 in Unarmed Combat
 12354 | Lab      | Got an ichor-stained chain mail
 12695 | D:11     | Identified the +1 chain mail of Oteeqimose {Dex+2} (You found it in a labyrinth)
 12794 | D:11     | Received a gift from Okawaru
 12981 | D:11     | Found a staircase to the Lair.
 13025 | D:11     | Noticed Psyche
 13048 | D:11     | Killed Psyche
 13437 | D:11     | Reached skill level 1 in Evocations
 13523 | D:11     | Noticed a seven-headed hydra
 13533 | D:11     | Killed a seven-headed hydra
 13550 | D:11     | Reached ****** piety under Okawaru
 13898 | D:11     | Noticed a two-headed ogre
 13899 | D:11     | Noticed a five-headed hydra
 13906 | D:11     | Killed a two-headed ogre
 13913 | D:11     | Killed a five-headed hydra
 13976 | D:11     | Received a gift from Okawaru
 13979 | D:11     | Got a smelly ring mail {god gift}
 13994 | D:11     | Noticed a death knight
 14008 | D:11     | Killed a death knight
 14192 | Lair:1   | Entered Level 1 of the Lair of Beasts
 14201 | Lair:1   | Reached XP level 13. HP: 101/101 MP: 19/19
 14219 | Lair:1   | Identified the +1 ring mail of Prudence {rN+++} (Okawaru gifted it to you on level 11 of the Dungeon)
 14328 | Lair:1   | Found a dark tunnel.
 14335 | Lair:1   | Noticed ultrashaft's ghost (journeyman DsGl)
 14347 | Lair:1   | Reached skill level 13 in Unarmed Combat
 14368 | Lair:1   | Killed ultrashaft's ghost
 14390 | Lair:1   | Noticed a four-headed hydra
 14395 | Lair:1   | Killed a four-headed hydra
 14408 | Volcano  | Entered a volcano
 14686 | Volcano  | Reached skill level 10 in Fighting
 14741 | Volcano  | Reached skill level 5 in Dodging
 14791 | Volcano  | Engulfed by a cloud of flame

Vault maps used:
D:1:      dpeg_arrival_lava_temple_mockup
D:2:      marbit_many_paths, first_ration
D:3:      serial_bayou_pond_d, trog_book, uniq_ijyb
D:4:      lemuel_coloured_pillars_altar, minmay_temple_entry_statues_pillars,
          uniq_blork_the_orc
D:5:      lemuel_doored_altar, kiku_gazebo_garden_becter,
          grunt_gozag_breadcrumbs, guppyfry_early_orc_mine
D:6:      nicolae_overflow_crystal_walls, kennysheep_mini_moat, uniq_eustachio
D:7:      grunt_temple_overflow_diamond, serial_shops, shop, grunt_ogre_cave,
          feat_on_display
D:8:      minmay_holes
D:9:      nicolae_dithmenos_the_darkroom
D:10:     minmay_orc_entry_guard_dogs
D:11:     david_lair_generic, serial_shops, shop_fountains, lab_entry_generic,
          uniq_psyche
Temple:   minmay_freezing_vapour_temple
Lair:1:   special_room, enter_volcano_3, zaba_anthole, ldierk_geyser,
          minivault_26, serial_bayou_shore_b, grunt_megastairs_2
Lab:      labyrinth_hidden_loot, nicolae_lab_grate
Volcano:  volcano_bunker

Skill      XL: |  1  2  3  4  5  6  7  8  9 10 11 12 13 |
---------------+----------------------------------------+-----
Armour         | 1 2 3 4 6 7 8 9 |  9.6
Unarmed Combat | 4 5 6 7 9 10 11 12 13 | 13.4
Fighting       | 4 5 7 8 9 10 | 10.0
Invocations    | 2 4 6 7 8 9 |  9.2
Shields        | 1 3 4 |  4.1
Evocations     | 2 4 |  4.0
Dodging        | 4 5 |  5.0
Stealth        | |  2.0

Action                   |  1- 3 |  4- 6 |  7- 9 | 10-12 | 13-15 || total
-------------------------+-------+-------+-------+-------+-------++-------
Melee: Unarmed           |   138 |   230 |   402 |   666 |   138 ||  1574
       Punch             |     3 |     6 |    15 |     1 |       ||    25
       Whip              |       |       |    19 |       |       ||    19
 Fire: Blowgun           |       |    19 |    39 |    72 |       ||   130
Invok: Heroism           |       |       |     8 |    21 |     3 ||    32
       Finesse           |       |       |       |       |     1 ||     1
Evoke: Wand              |       |       |     5 |     3 |     3 ||    11
       Sack of spiders   |       |       |       |     1 |       ||     1
  Use: Scroll            |     2 |     3 |     5 |    17 |     1 ||    28
       Potion            |       |     3 |       |     3 |     5 ||    11
 Stab: Sleeping          |     3 |     3 |     6 |       |       ||    12
       Fleeing           |       |       |       |     1 |       ||     1
       Invisible         |       |       |       |       |     2 ||     2
  Eat: Chunk             |     2 |     8 |    10 |    14 |       ||    34
       Ration            |       |       |     1 |     3 |       ||     4
Armor: Robe              |    33 |     4 |       |       |     5 ||    42
       Leather armour    |       |    10 |       |       |       ||    10
       Ring mail         |       |    32 |    97 |       |       ||   129
       Skin              |       |    16 |       |       |       ||    16
       Scale mail        |       |       |    42 |    11 |       ||    53
       Plate armour      |       |       |       |    22 |       ||    22
       Chain mail        |       |       |       |   256 |    35 ||   291
Dodge: Dodged            |   121 |   125 |   277 |   328 |    44 ||   895
Block: Buckler           |       |       |       |   228 |    26 ||   254

Table legend:
 A = Spawn XP
 B = Non-spawn XP
 C = Spawn XP percentage of total XP
 D = Spawn monster count
 E = Non-spawn monster count
 F = Spawn count percentage of total count
 G = Total turns spent on level
                    A         B        C        D         E        F      G
               +---------+---------+-------+---------+---------+-------+---------
         Total |       0 |   36488 |   0.0 |       0 |     346 |   0.0 | 14791
               +---------+---------+-------+---------+---------+-------+---------
           D:1 |       0 |      43 |   0.0 |       0 |      24 |   0.0 |  1472
           D:2 |       0 |      87 |   0.0 |       0 |      25 |   0.0 |   860
           D:3 |       0 |     299 |   0.0 |       0 |      35 |   0.0 |  1814
           D:4 |       0 |     906 |   0.0 |       0 |      29 |   0.0 |  1456
           D:5 |       0 |     588 |   0.0 |       0 |      18 |   0.0 |   939
           D:6 |       0 |     886 |   0.0 |       0 |      20 |   0.0 |  1035
           D:7 |       0 |     917 |   0.0 |       0 |      17 |   0.0 |   961
           D:8 |       0 |    4652 |   0.0 |       0 |      20 |   0.0 |  1622
           D:9 |       0 |    3396 |   0.0 |       0 |      47 |   0.0 |   816
          D:10 |       0 |    2673 |   0.0 |       0 |      30 |   0.0 |   635
          D:11 |       0 |   10187 |   0.0 |       0 |      49 |   0.0 |  1642
        Temple |       0 |       3 |   0.0 |       0 |       1 |   0.0 |    18
        Lair:1 |       0 |    4870 |   0.0 |       0 |      19 |   0.0 |   216
           Lab |       0 |    2137 |   0.0 |       0 |       4 |   0.0 |   922
       Volcano |       0 |    4844 |   0.0 |       0 |       8 |   0.0 |   383
               +---------+---------+-------+---------+---------+-------+---------
